 Dungeon Crawl Stone Soup version 0.29-a0-553-g81b289dbe5 (webtiles) character file.

Game seed: 4457261105044861761

1808 nobbins the Covered (level 9, 0/54 HPs)
             Began as a Gargoyle Fighter on June 7, 2022.
             Was an Initiate of Ashenzari.
             Killed by divine providence
             ... invoked by an orc priest
              (17 damage)
             ... on level 7 of the Dungeon.
             The game lasted 00:28:13 (5683 turns).

nobbins the Covered (Gargoyle Fighter)              Turns: 5683, Time: 00:28:14

Health: 0/54       AC: 22    Str: 26    XL:     9   Next: 10%
Magic:  9/9        EV:  8    Int:  9    God:    Ashenzari [......]
Gold:   360        SH:  9    Dex:  9    Spells: 8/8 levels left

rFire   x . .      SeeInvis +   p - +4 long sword (drain)
rCold   + . .      Faith    .   c - +0 buckler
rNeg    + . .      Spirit   .   k - +2 chain mail of Vuchosus {Rampage Str+2}
rPois   ∞          Reflect  +   l - +1 helmet
rElec   +          Harm     .   (no cloak)
rCorr   .          Rampage  +   x - +0 pair of gloves
Will    .....                   (no boots)
Stlth   ..........              E - amulet of reflection
HPRegen 0.18/turn               h - ring of ice
MPRegen 0.11/turn               j - ring of see invisible

@: about to teleport
A: sickness immunity, AC +6, negative energy resistance 1, electricity
resistance, torment resistance 1, petrification resistance
a: Renounce Religion, Curse Item


You were on level 7 of the Dungeon.
You worshipped Ashenzari.
Ashenzari was noncommittal.
You visited 2 branches of the dungeon, and saw 8 of its levels.

You collected 360 gold pieces.

Inventory:

Hand Weapons
 a - a +0 flail of freezing
 p - a +4 long sword of draining (weapon)
Missiles
 g - 198 stones (quivered)
Armour
 b - a +1 scale mail
 c - a +0 buckler (worn)
 k - the +2 chain mail of Vuchosus (worn) {Rampage Str+2}
   (You found it on level 2 of the Dungeon)

   Str:       It affects your strength (+2).
   Rampage:   It bestows one free step when moving towards enemies.
 l - a +1 helmet (worn)
 x - a +0 pair of gloves (worn)
 B - an orb of energy
Jewellery
 h - a ring of ice (left hand)
 j - a ring of see invisible (right hand)
 w - a ring of resist corrosion
 E - an amulet of reflection (around neck)
Wands
 o - a wand of acid (16)
 D - a wand of mindburst (10)
Scrolls
 q - 4 scrolls of immolation
 r - a scroll of enchant weapon {unknown}
 t - a scroll of poison
 u - 2 scrolls of vulnerability
 v - 5 scrolls of teleportation
 y - 2 scrolls of fog
 z - a scroll of magic mapping
 A - a scroll of fear
 C - a scroll of blinking
 H - a scroll of summoning {unknown}
Potions
 d - a potion of might
 e - a potion of heal wounds
 i - a potion of brilliance
 m - a potion of cancellation {unknown}
 n - a potion of mutation {unknown}
 s - a potion of resistance {unknown}
 F - a potion of curing
 G - a potion of attraction {unknown}


   Skills:
 + Level 5.6 Fighting
 + Level 5.9 Long Blades
 + Level 4.2 Maces & Flails
 + Level 6.6 Armour
 + Level 2.1 Dodging
 + Level 1.7 Stealth
 + Level 5.3 Shields


You had 8 spell levels left.
You didn't know any spells.
Your spell library contained the following spells:

 Spells                   Type           Power      Damage    Failure   Level
 Foxfire                  Conj/Fire      0%         2x1d4     96%         1
 Magic Dart               Conj           0%         1d3       96%         1
 Call Imp                 Summ           0%         N/A       99%         2
 Ensorcelled Hibernation  Hex/Ice        0%         N/A       99%         2
 Passwall                 Tmut/Erth      0%         N/A       99%         2
 Call Canine Familiar     Summ           0%         N/A       100%        3
 Conjure Flame            Conj/Fire      0%         6-21      100%        3
 Inner Flame              Hex/Fire       0%         N/A       100%        3
 Mephitic Cloud           Conj/Pois/Air  0%         N/A       100%        3
 Portal Projectile        Hex/Tloc       0%         N/A       100%        3
 Swiftness                Air            0%         N/A       100%        3
 Flame Wave               Conj/Fire      0%         2d4       100%        4
 Leda's Liquefaction      Hex/Erth       0%         N/A       100%        4


Dungeon Overview and Level Annotations

Branches:
Dungeon (7/15)             Temple (1/1) D:5

Altars:
Ashenzari
Hepliaklqana
Okawaru
Qazlal
Zin

Shops:
D:1 [   D:2 [   D:5 [


Innate Abilities, Weirdness & Mutations

You are immune to sickness and miasma.
Your stone body is resilient. (AC +6)
You are immune to poison.
You resist negative energy. (rN+)
You are resistant to electric shocks. (rElec)
You are resistant to unholy torment.
You are immune to petrification.


Message History

Beogh smites you!
You hit the orc but do no damage. The orc hits you but does no damage.
The orc priest barely misses you.
You hit the orc.
The orc is almost dead.
You block the orc's attack.
The orc priest hits you but does no damage.
You closely miss the orc.
The orc is almost dead.
You block the orc's attack.
The orc priest calls down the wrath of Beogh upon you.
Beogh smites you!
* * * LOW HITPOINT WARNING * * *
The orc hits you with a +2 dagger of flaming.
* * * LOW HITPOINT WARNING * * *
The orc burns you.
* * * LOW HITPOINT WARNING * * *
The orc priest hits you but does no damage.
You feel yourself speed up. You block the orc's attack.
You block the orc priest's attack.
The orc priest looks satisfied for a moment.
The orc priest miscasts a cantrip.
You open the door.
Found a potion of heal wounds.
There is an open door here.
e - a potion of heal wounds You open the door.
There is an open door here.
You open the door.
There is an open door here.
Your extra speed is starting to run out.
You start resting.
You feel yourself slow down.
You start resting.
An orc is nearby!
As you read the scroll of teleportation, it crumbles to dust.
You feel strangely unstable.
The orc priest invokes the aid of Beogh against you.
Beogh smites you!
You die...

.....)).#....#....#....#.........
........#....#....#....#######+##
........#....'....#.........
........#....#....'.........
........#....#....#.........
........+....#....#.........
........#..####.####...##... #..
########o..# .. ... #...@o.....#
.... #..........# +..........#
############


You could see an orc priest and an orc.

Vanquished Creatures
  Menkaure (D:7)
  2 water moccasins (D:5)
  An orc warrior (D:7)
  A black bear (D:5)
  An ogre (D:5)
  A centaur (D:5)
  A phantom (D:6)
  2 kobold brigands
  A bullfrog (D:6)
  A necrophage (D:6)
  A gnoll sergeant (D:6)
  2 scorpions
  5 killer bees (D:7)
  A jelly (D:4)
  2 iguanas
  2 orc wizards (D:7)
  8 gnolls
  10 adders
  A white imp (D:5)
  4 worms
  A dart slug (D:3)
  4 orcs
  7 endoplasms
  5 giant cockroaches
  6 hobgoblins
  6 jackals (D:1)
  4 quokkas
  8 ball pythons
  6 bats
  5 frilled lizards
  3 goblins
  14 kobolds
  4 rats
121 creatures vanquished.

Vanquished Creatures (others)
  A plant (D:2)
1 creature vanquished.

Grand Total: 122 creatures vanquished

Notes
Turn   | Place    | Note
-------+----------+-------------------------------------------
     0 | D:1      | nobbins the Gargoyle Fighter began the quest for the Orb.
     0 | D:1      | Reached XP level 1. HP: 14/14 MP: 1/1
    19 | D:1      | Found Luomock's Armour Emporium.
   149 | D:1      | Reached XP level 2. HP: 19/19 MP: 2/2
   617 | D:1      | Reached XP level 3. HP: 23/23 MP: 3/3
   719 | D:2      | Found a hazy altar of Hepliaklqana.
   797 | D:2      | Found Rangig's Antique Armour Shoppe.
   885 | D:2      | Reached skill level 4 in Armour
   943 | D:2      | Reached XP level 4. HP: 10/29 MP: 4/4
   993 | D:2      | Identified the +2 chain mail of Vuchosus {Rampage Str+2}
  2575 | D:4      | Noticed a scorpion
  2587 | D:4      | Killed a scorpion
  2588 | D:4      | Reached XP level 5. HP: 32/33 MP: 5/5
  2664 | D:4      | Identified a scroll of acquirement
  2667 | D:4      | Acquired a +4 long sword of draining
  2710 | D:4      | Reached XP level 6. HP: 33/38 MP: 6/6
  3162 | D:5      | Entered Level 5 of the Dungeon
  3162 | D:5      | Found Baiguq's Antique Armour Boutique.
  3170 | D:5      | Reached skill level 1 in Long Blades
  3192 | D:5      | Noticed a water moccasin
  3204 | D:5      | Killed a water moccasin
  3394 | D:5      | Noticed a black bear
  3521 | D:5      | Noticed a water moccasin
  3530 | D:5      | Killed a water moccasin
  3531 | D:5      | Reached skill level 5 in Armour
  3531 | D:5      | Reached XP level 7. HP: 27/44 MP: 7/7
  3688 | D:5      | Found a staircase to the Ecumenical Temple.
  3700 | Temple   | Entered the Ecumenical Temple
  3741 | Temple   | Became a worshipper of Ashenzari the Shackled
  4100 | D:5      | Reached XP level 8. HP: 27/48 MP: 8/8
  4688 | D:6      | Reached skill level 1 in Stealth
  4693 | D:6      | Reached skill level 1 in Dodging
  4810 | D:6      | Reached skill level 5 in Fighting
  4810 | D:6      | Reached skill level 5 in Long Blades
  5220 | D:6      | Reached skill level 6 in Armour
  5269 | D:7      | Noticed Menkaure
  5276 | D:7      | Killed Menkaure
  5303 | D:7      | Reached skill level 5 in Shields
  5489 | D:7      | Found a stormy altar of Qazlal.
  5510 | D:7      | Acquired an amulet of reflection
  5590 | D:7      | Reached XP level 9. HP: 52/54 MP: 9/9
  5683 | D:7      | Killed from afar by an orc priest

Illustrated notes

Levels and vault maps discovered:
D:1:      shiori_shiawase, layout_rooms, serial_shops, shop
D:2:      layout_basic, basic_altar, serial_shops,
          nicolae_shop_overgrown_old_shop,
          dreamdust_ecumenical_altar_hidden_monk_grotto, minmay_joined_circles
D:3:      layout_basic
D:4:      layout_gridville
D:5:      layout_loops_ring, minmay_temple_entry_grid, nicolae_stop_n_shop_1
D:6:      layout_gridville, minmay_misc_feat_more_columns,
          minmay_misc_feat_enclosed, minivault_10
D:7:      layout_gridville, kennysheep_small_circle, uniq_menkaure
Temple:   mainiacjoe_temple_trianglar_array

Skill      XL: |  1  2  3  4  5  6  7  8  9 |
---------------+----------------------------+-----
Armour         | 4 5 6 |  6.6
Maces & Flails | 3 4 |  4.2
Fighting       | 4 5 |  5.6
Shields        | 4 5 |  5.3
Long Blades    | 2 4 5 |  5.9
Stealth        | 1 |  1.7
Dodging        | 1 2 |  2.1

Action                   |  1- 3 |  4- 6 |  7- 9 || total
-------------------------+-------+-------+-------++-------
Melee: Flail             |   125 |   117 |       ||   242
       Long sword        |       |    59 |   213 ||   272
  Use: Scroll            |     4 |     9 |     7 ||    20
       Potion            |     3 |       |     6 ||     9
Armor: Scale mail        |    83 |       |       ||    83
       Chain mail        |       |   120 |   159 ||   279
       Skin              |       |       |   106 ||   106
Dodge: Dodged            |    91 |    76 |    88 ||   255
Block: Buckler           |    29 |    40 |   101 ||   170
       Reflection        |       |       |     2 ||     2

Table legend: (Time is in decaauts)
 A = Elapsed time spent in this place.
 B = Non-inter-level travel time spent in this place.
 C = Inter-level travel time spent in this place.
 D = Time resting spent in this place.
 E = Time spent auto-exploring this place.
 F = Levels seen in this place.
 G = Mean time per level.
                   A        B        C        D        E       F      G
               +--------+--------+--------+--------+--------+-----+--------+
         Total |   5802 |   5692 |    110 |    667 |   2426 |   8 |  725.2 |
       Dungeon |   5735 |   5625 |    110 |    667 |   2426 |   7 |  819.3 |
        Temple |     67 |     67 |      0 |      0 |      0 |   1 |   67.0 |
               +--------+--------+--------+--------+--------+-----+--------+

Top non-repeatable levels by time:
     D:5: 1215 daAuts
     D:3: 1065 daAuts
     D:2: 843 daAuts
     D:6: 763 daAuts
     D:1: 731 daAuts
     D:4: 705 daAuts
     D:7: 410 daAuts
  Temple: 67 daAuts
